 Dungeon Sprint DCSS version 0.17-a0-1262-gd250d98 (webtiles) character file.

1225 Kidiri the Covert (level 8, -19/66 HPs)
             Began as a Spriggan Assassin on June 6, 2015.
             Demolished by a tentacle (20 damage)
             ... attached to a kraken
             ... in the Dungeon (Sprint II: "The Violet Keep of Menkaure").
             The game lasted 00:10:44 (1423 turns).

Kidiri the Covert (Spriggan Assassin)               Turns: 1423, Time: 00:10:44

Health: -19/66     AC:  5    Str: 15    XL:     8   Next: 23%
Magic:  9/9        EV: 31    Int: 14    God:
Gold:   109        SH:  0    Dex: 20    Spells: 3 memorised, 1 level left

rFire  + . .     SeeInvis +     a - +2 dagger
rCold  . . .     Clarity  .     n - +2 robe {MR+}
rNeg   . . .     SustAt   .     (shield restricted)
rPois  .         Gourm    .     (helmet restricted)
rElec  .         Spirit   .     d - +0 cloak
rCorr  .         Warding  .     (gloves unavailable)
rMut   .         NoTele   +     (boots unavailable)
MR     ++...                    (no amulet)
Stlth  ..........               q - +2 ring of intelligence
                                o - ring "Lomijyt" {rF+ Str+3 Stlth+}

@: berserking (expiring), very quick, very resistant to hostile enchantments,
extremely unstealthy
A: unfitting armour, see invisible, herbivore 3, speed 3, slow metabolism 2
a: no special abilities


You were in the Dungeon.
You were full.

You visited 1 branch You collected 972 gold pieces.
You spent 863 gold pieces at shops.

Inventory:

Hand weapons
 a - a +2 dagger (weapon)
 b - a +0 blowgun
Missiles
 e - 3 poisoned needles
 f - a curare-tipped needle
Armour
 c - a +0 robe
 d - a +0 cloak (worn)
 n - a +2 robe of magic resistance (worn)
Jewellery
 o - the ring "Lomijyt" (left hand) {rF+ Str+3 Stlth+}
   (You bought it in a shop in the Dungeon)

   [ring of strength]

   It affects your strength (+3).
   It protects you from fire.
   It makes you more stealthy.
 q - a +2 ring of intelligence (right hand)
Scrolls
 h - 4 scrolls of identify
 m - a scroll of blinking
Potions
 j - a potion of haste
 k - 2 potions of magic
Books
 p - a book of Maledictions

   Spells                             Type                      Level
   a - Corona                         Hexes                        1
   b - Ensorcelled Hibernation        Hexes/Ice                    2
   c - Confuse                        Hexes                        3
   d - Tukima's Dance                 Hexes                        3
   e - Dazzling Spray                 Conjuration/Hexes            3


   Skills:
 + Level 5.6 Fighting
 * Level 10.2 Short Blades
 + Level 7.3 Throwing
 * Level 12.7 Dodging
 * Level 14.5 Stealth
 * Level 0.0 Spellcasting
 + Level 0.0 Hexes
 + Level 0.0 Ice Magic


You had one spell level left.
You knew the following spells:

 Your Spells              Type           Power        Failure   Level  Hunger
a - Corona                Hex            #......      30%         1    ##.....
b - Ensorcelled Hibernat  Hex/Ice        #.....       43%         2    ###....
c - Confuse               Hex            #.......     83%         3    ####...


Dungeon Overview and Level Annotations

Branches:
Dungeon (1/1)

Altars:

Shops:
D :?[([!=:*[?:}=!%

Annotations:
D exclusion: oklob plant, Roxanne


Innate Abilities, Weirdness & Mutations

You are tiny and cannot use many weapons and most armour.
You have supernaturally acute eyesight.
You are a herbivore.
You cover ground extremely quickly.
You need consume almost no food.


Message History

You hit the kraken but do no damage.
The kraken is moderately wounded.
The kraken closely misses you.
You puncture the kraken!
The kraken is moderately wounded.
The tentacle closely misses you. The tentacle slaps you!!
The kraken misses you.
You hit the kraken but do no damage.
The kraken is moderately wounded.
The tentacle barely misses you. The tentacle misses you.
The tentacle misses you.
You hit the kraken but do no damage.
The kraken is moderately wounded.
The kraken closely misses you.
You puncture the kraken!
The kraken is heavily wounded.
The tentacle completely misses you. The tentacle slaps you!!
* * * LOW HITPOINT WARNING * * *
The tentacle slaps you!!
You die...

##≈≈≈.........#
.#≈≈≈≈.##'##..#
.#≈≈≈≈##...##.####
.#≈≈≈≈#..#).#....#
.#≈≈####...####..##
.#≈##.###'###.##..#
.#≈#.#.##.##...#..#
.+≈'.##'.<.'###'(w###
∩#≈#..###.##...#@w*.#
##≈##.# #'###.##Xw*...≈≈
##≈≈#####.#####≈w*....≈#
##≈≈≈#..#..# ≈≈§≈≈≈..≈#
#+#≈##.#.##≈≈≈≈§≈§§.≈#
#.#≈≈##+##≈≈≈≈≈§§≈≈≈≈#
####≈≈≈≈≈≈≈≈≈≈≈§§≈≈≈≈#
#+++#+++#≈≈≈§§≈§≈≈#
§§.§§ ≈


You could see a kraken and 4 tentacles.

Vanquished Creatures
  A siren (D)
  2 boulder beetles (D)
  Menkaure (D)
  4 brain worms (D)
  A scorpion (D)
  4 worker ants (D)
13 creatures vanquished.

Vanquished Creatures (others)
  68 tentacles (D)
  185 tentacle segments (D)
253 creatures vanquished.

Grand Total: 266 creatures vanquished

Notes
Turn   | Place    | Note
--------------------------------------------------------------
     0 | D        | Kidiri the Spriggan Assassin began the quest for the Orb.
     0 | D        | Reached XP level 1. HP: 10/10 MP: 2/2
     1 | D        | Noticed a siren
     5 | D        | Noticed a brain worm
     8 | D        | Killed a brain worm
     8 | D        | Reached skill level 5 in Dodging
     8 | D        | Reached skill level 8 in Stealth
     8 | D        | Reached XP level 2. HP: 14/16 MP: 3/3
     8 | D        | Reached XP level 3. HP: 16/19 MP: 4/4
     8 | D        | Reached XP level 4. HP: 19/23 MP: 5/5
    10 | D        | Noticed a brain worm
    11 | D        | Killed a brain worm
    11 | D        | Reached skill level 5 in Short Blades
    11 | D        | Reached skill level 9 in Stealth
    13 | D        | Noticed a brain worm
    13 | D        | Noticed a brain worm
    15 | D        | Killed a brain worm
    15 | D        | Reached skill level 10 in Stealth
    15 | D        | Reached XP level 5. HP: 21/28 MP: 6/6
    17 | D        | Killed a brain worm
    17 | D        | Reached skill level 5 in Throwing
    17 | D        | Reached skill level 11 in Stealth
   107 | D        | Noticed a worker ant
   107 | D        | Noticed a worker ant
   109 | D        | Noticed a worker ant
   109 | D        | Noticed a worker ant
   110 | D        | Killed a worker ant
   110 | D        | Reached XP level 6. HP: 33/33 MP: 7/7
   111 | D        | Killed a worker ant
   113 | D        | Killed a worker ant
   130 | D        | Killed a worker ant
   203 | D        | Killed a siren
   203 | D        | Reached skill level 13 in Stealth
   203 | D        | Reached XP level 7. HP: 35/38 MP: 8/8
   233 | D        | Noticed a boulder beetle
   233 | D        | Noticed a boulder beetle
   236 | D        | Killed a boulder beetle
   236 | D        | Reached skill level 5 in Fighting
   239 | D        | Killed a boulder beetle
   239 | D        | Reached skill level 10 in Short Blades
   239 | D        | Reached skill level 14 in Stealth
   239 | D        | Reached XP level 8. HP: 42/44 MP: 9/9
   253 | D        | Noticed Roxanne
   255 | D        | Noticed Menkaure
   257 | D        | Killed Menkaure
   275 | D        | Found Xeed's Food Shop.
   276 | D        | Found Suodd's Gadget Boutique.
   276 | D        | Found Ziqucoe's Book Shop.
   276 | D        | Found Ziupna's Distillery.
   276 | D        | Found Egaec's General Store.
   276 | D        | Found Titatoc's Antique Armour Shop.
   276 | D        | Found Siretroi's Book Shop.
   276 | D        | Found Lurang's Magic Scroll Shop.
   276 | D        | Found Limuvegyi's Antique Weapon Boutique.
   276 | D        | Found Xugu's Jewellery Shop.
   276 | D        | Found Cuafyab's Jewellery Boutique.
   277 | D        | Found Pehoij's Distillery.
   277 | D        | Found Muask's Antique Armour Shop.
   277 | D        | Found Liof's Armour Shop.
   277 | D        | Found Xeim Kifo's Magic Scroll Boutique.
   277 | D        | Noticed an ice dragon
   282 | D        | Noticed a scorpion
   284 | D        | Killed a scorpion
   293 | D        | Noticed an oklob plant
   294 | D        | Found Poysun's Book Shoppe.
   303 | D        | Bought a glowing robe for 18 gold pieces
   316 | D        | Noticed a shining eye
   333 | D        | Bought the ring "Lomijyt" {rF+ Str+3 Stlth+} for 357 gold pieces
   351 | D        | Bought a book of Maledictions for 325 gold pieces
   353 | D        | Learned a level 1 spell: Corona
   356 | D        | Learned a level 2 spell: Ensorcelled Hibernation
   360 | D        | Learned a level 3 spell: Confuse
   435 | D        | Bought 3 scrolls of identify for 66 gold pieces
   455 | D        | Bought a +2 ring of intelligence for 97 gold pieces
   484 | D        | Noticed an obsidian statue
   486 | D        | Noticed a kraken
  1423 | D        | HP: 1/66 [tentacle[a kraken] (24)]
  1423 | D        | Demolished by a tentacle

Vault maps used:
D:        the_violet_keep_of_menkaure

Action                   |  1- 3 |  4- 6 |  7- 9 || total
-------------------------+-------+-------+-------++-------
Melee: Dagger            |     1 |    23 |    40 ||    64
 Fire: Blowgun           |       |       |     6 ||     6
 Cast: Ensorcelled Hiber |       |       |    12 ||    12
       Corona            |       |       |     3 ||     3
  Use: Potion            |       |     1 |     2 ||     3
 Stab: Sleeping          |     1 |     7 |     4 ||    12
       Distracted        |       |       |     1 ||     1
  Eat: Bread ration      |       |       |     1 ||     1
